 Dungeon Crawl Stone Soup version 0.17.1-3-g152610e (webtiles) character file.

1965 Goblin1989 the Spear-Bearer (level 9, -7/66 HPs)
             Began as a Demonspawn Gladiator on Mar 12, 2016.
             Was an Initiate of Gozag.
             Mangled by an orc warrior
             ... wielding a +4 trident
              (13 damage)
             ... on level 7 of the Dungeon.
             The game lasted 00:18:15 (6040 turns).

Goblin1989 the Spear-Bearer (Demonspawn Gladiator)  Turns: 6040, Time: 00:18:15

Health: -7/66      AC: 10    Str: 19    XL:     9   Next: 0%
Magic:  0/9        EV: 10    Int: 10    God:    Gozag
Gold:   554        SH: 10    Dex: 13    Spells: 0 memorised, 8 levels left

rFire  . . .     SeeInvis .     a - +1 trident
rCold  . . .     Clarity  .     x - +0 ring mail
rNeg   . . .     SustAt   .     u - +0 shield
rPois  .         Gourm    .     j - +1 helmet
rElec  .         Spirit   +     (no cloak)
rCorr  .         Warding  .     q - +0 pair of gloves
rMut   .         Stasis   .     (no boots)
MR     +....                    y - amulet of guardian spirit
Stlth  ++........               (no ring)
                                t - ring of protection from magic

@: somewhat resistant to hostile enchantments, unstealthy
A: claws 1, rugged brown scales 2, nightstalker 1, spiny 1
a: Potion Petition, Call Merchant, Bribe Branch, Renounce Religion


You were on level 7 of the Dungeon.
You worshipped Gozag.
Gozag was noncommittal.
You were very hungry.

You visited 2 branches of the dungeon, and saw 8 of its levels.

You collected 620 gold pieces.
You paid 66 gold pieces to Gozag.

Inventory:

Hand Weapons
 a - a +1 trident (weapon)
Missiles
 d - 3 throwing nets (quivered)
Armour
 j - a +1 helmet (worn)
 q - a +0 pair of gloves (worn)
 u - a +0 shield (worn)
 x - a +0 ring mail (worn)
Jewellery
 c - an uncursed amulet of the gourmand {unknown}
 t - a ring of protection from magic (left hand)
 y - an amulet of guardian spirit (around neck)
Wands
 b - a wand of draining (10)
 n - a wand of frost (23)
Scrolls
 e - 4 scrolls of recharging {unknown}
 h - a scroll of amnesia {unknown}
 o - a scroll of enchant armour {unknown}
 v - a scroll of summoning {unknown}
 w - 2 scrolls of fear {unknown}
 A - a scroll of enchant weapon
Potions
 l - a potion of might
 p - a potion of curing
 r - a potion of brilliance
 s - a potion of berserk rage {unknown}
 z - 2 potions of agility {unknown}
Comestibles
 g - 4 bread rations
 i - 7 meat rations


   Skills:
 + Level 3.1 Fighting
 - Level 8.6 Polearms
 - Level 1.7 Throwing
 - Level 2.6 Dodging
 + Level 5.8 Shields
 * Level 2.6 Unarmed Combat


You had 8 spell levels left.
You didn't know any spells.

Dungeon Overview and Level Annotations

Branches:
Dungeon (7/15)             Temple (1/1) D:5

Altars:
Ashenzari
Cheibriados
Dithmenos
Elyvilon
Fedhas
Gozag
Kikubaaqudgha
Makhleb
Nemelex Xobeh
Okawaru
Qazlal
Ru
Sif Muna
Vehumet
Xom
Yredelemnul
Zin

Shops:
D:4 :   D:6 }


Innate Abilities, Weirdness & Mutations

You have sharp fingernails.
You are mostly covered in rugged brown scales (AC +2, +5% HP).
You are slightly more attuned to the shadows.
You are partially covered in sharp spines.


Message History

Aim: an orc warrior, wielding an enchanted trident and wearing a plate armour (almost dead)
You reach to attack!
You hit the orc warrior but do no damage.
The orc warrior is almost dead.
You block the orc warrior's attack.
Attack whom?
Press: ? - help, Dir - move target cursor, f/p - orc warrior
Aim: an orc warrior, wielding an enchanted trident and wearing a plate armour (almost dead)
You reach to attack!
You barely miss the orc warrior.
The orc warrior is almost dead.
The orc warrior hits you from afar with an enchanted trident.
* * * LOW HITPOINT WARNING * * *
Attack whom?
Press: ? - help, Dir - move target cursor, f/p - orc warrior
Aim: an orc warrior, wielding an enchanted trident and wearing a plate armour (almost dead)
You reach to attack!
You hit the orc warrior.
The orc warrior is almost dead.
The orc warrior hits you from afar with an enchanted trident!
You die...
Your body crumbles into a pile of gold.

### .o#
#o# #{#
#o# #.#
#@# #.#
#.#
###.#(###
.......(.#
.......#.#
####.###.#
.##. #.#
...###.#


You could see an orc warrior and 2 orcs.

Vanquished Creatures
  A deep elf mage (D:4)
  3 ice beasts
  5 ogres
  A necrophage (D:7)
  A giant frog (D:6)
  A scorpion (D:7)
  A centaur zombie (D:7)
  A crimson imp (D:6)
  A hound (D:6)
  An orc priest (D:3)
  A centaur skeleton (D:4)
  3 jellies
  4 orc wizards
  2 iguanas
  7 worker ants
  13 adders
  A river rat (D:3)
  3 shadow imps (D:6)
  An ooze (D:2)
  5 worms
  5 giant geckos
  27 orcs
  5 ball pythons
  8 bats
  3 giant cockroaches
  9 hobgoblins
  8 jackals
  8 giant newts
  6 goblins
  A jackal skeleton (D:6)
  9 kobolds
  2 quokkas
  2 quokka skeletons
  A quokka zombie (D:6)
  17 rats
167 creatures vanquished.

Notes
Turn   | Place    | Note
--------------------------------------------------------------
     0 | D:1      | Goblin1989 the Demonspawn Gladiator began the quest for the Orb.
     0 | D:1      | Reached XP level 1. HP: 16/16 MP: 1/1
   199 | D:1      | Reached skill level 3 in Polearms
   622 | D:1      | Gained mutation: You are partially covered in rugged brown scales (AC +1, +3% HP). [demonic ancestry]
   622 | D:1      | Reached XP level 2. HP: 16/22 MP: 2/2
   743 | D:1      | Reached skill level 1 in Shields
  1293 | D:2      | Reached XP level 3. HP: 27/27 MP: 3/3
  1662 | D:2      | Gained mutation: You are partially covered in sharp spines. [demonic ancestry]
  1662 | D:2      | Reached XP level 4. HP: 20/33 MP: 4/4
  1759 | D:2      | Reached skill level 4 in Polearms
  2129 | D:3      | Found a sacrificial altar of Ru.
  2355 | D:3      | Gained mutation: You are mostly covered in rugged brown scales (AC +2, +5% HP). [demonic ancestry]
  2355 | D:3      | Reached XP level 5. HP: 31/39 MP: 5/5
  2679 | D:3      | Reached skill level 5 in Polearms
  2888 | D:4      | Found Foebad's Book Emporium.
  2944 | D:4      | Gained mutation: You have sharp fingernails. [demonic ancestry]
  2944 | D:4      | Reached XP level 6. HP: 30/46 MP: 6/6
  3221 | D:4      | Noticed a deep elf mage
  3247 | D:4      | Killed a deep elf mage
  3247 | D:4      | Reached skill level 6 in Polearms
  3589 | D:4      | Reached XP level 7. HP: 50/52 MP: 7/7
  3600 | D:4      | Found a sparkling altar of Nemelex Xobeh.
  3970 | D:5      | Entered Level 5 of the Dungeon
  3992 | D:5      | Found a sacrificial altar of Ru.
  3992 | D:5      | Found a radiant altar of Vehumet.
  4125 | D:5      | Found a sparkling altar of Nemelex Xobeh.
  4264 | D:5      | Found a staircase to the Ecumenical Temple.
  4270 | Temple   | Entered the Ecumenical Temple
  4341 | Temple   | Became a worshipper of Gozag Ym Sagoz the Greedy
  4500 | D:6      | Reached skill level 7 in Polearms
  4656 | D:6      | Found Nohakoz's Gadget Boutique.
  4708 | D:6      | Reached XP level 8. HP: 50/58 MP: 6/8
  4917 | D:6      | Found a sparkling altar of Nemelex Xobeh.
  4962 | D:6      | Reached skill level 8 in Polearms
  4997 | D:6      | Reached skill level 5 in Shields
  5469 | D:7      | Reached skill level 1 in Unarmed Combat
  5854 | D:7      | Found a shattered altar of Ashenzari.
  5855 | D:7      | Found a blossoming altar of Fedhas.
  5917 | D:7      | Found a shadowy altar of Dithmenos.
  5917 | D:7      | Found an ancient bone altar of Kikubaaqudgha.
  5917 | D:7      | Found a shimmering altar of Xom.
  5933 | D:7      | Gained mutation: You are slightly more attuned to the shadows. [demonic ancestry]
  5933 | D:7      | Reached XP level 9. HP: 56/66 MP: 7/9
  6040 | D:7      | Mangled by an orc warrior

Action                   |  1- 3 |  4- 6 |  7- 9 || total
-------------------------+-------+-------+-------++-------
Melee: Trident           |   144 |   166 |   276 ||   586
  Use: Scroll            |       |     8 |     4 ||    12
       Potion            |       |     1 |       ||     1
 Stab: Sleeping          |     1 |     1 |       ||     2
  Eat: Chunk             |     3 |     1 |     2 ||     6
       Bread ration      |       |     1 |       ||     1
       Fruit             |       |       |     3 ||     3
       Pizza             |       |       |     2 ||     2
